 Dungeon Crawl Stone Soup version 0.27.1-37-g7b29ead8ac (webtiles) character file.

Game seed: 7470554786374947174

59 AarnesTheHuman the Changer (level 4, -2/32 HPs)
             Began as a Merfolk Transmuter on Aug 28, 2023.
             Slain by Sigmund (5 damage)
             ... on level 3 of the Dungeon.
             The game lasted 00:02:59 (2442 turns).

AarnesTheHuman the Changer (Merfolk Transmuter)     Turns: 2442, Time: 00:03:00

Health: -2/32      AC:  3    Str: 10    XL:     4   Next: 3%
Magic:  7/7        EV: 12    Int: 13    God:
Gold:   76         SH:  0    Dex: 14    Spells: 4/7 levels left

rFire    . . .     SeeInvis .   a - +2 whip (vamp)
rCold    + . .     Faith    .   (no shield)
rNeg     . . .     Spirit   .   b - +0 robe
rPois    .         Reflect  .   (no helmet)
rElec    .         Harm     .   (no cloak)
rCorr    .         Rampage  .   f - +0 pair of gloves
Will     .....                  (no boots)
Stlth    +.........             (no amulet)
HPRegen  0.10/turn              g - ring of flight
MPRegen  0.10/turn              m - ring of protection from cold

@: silenced, flying
A: (nimble swimmer 2), mertail
a: no special abilities


You were on level 3 of the Dungeon.
You visited 1 branch of the dungeon, and saw 3 of its levels.

You collected 76 gold pieces.

Inventory:

Hand Weapons
 a - a +2 vampiric whip (weapon)
Missiles
 e - 3 silver boomerangs
Armour
 b - a +0 robe (worn)
 f - a +0 pair of gloves (worn)
Jewellery
 g - a ring of flight (left hand)
 m - a ring of protection from cold (right hand)
Scrolls
 c - 5 scrolls of identify
Potions
 d - 2 potions of curing
 h - a potion of attraction {unknown}
 i - a potion of flight {unknown}
 k - a potion of brilliance {unknown}
 l - a potion of ambrosia {unknown}


   Skills:
 - Level 1.1 Fighting
 + Level 0.2 Maces & Flails
 - Level 2.6 Dodging
 + Level 0.8 Stealth
 - Level 3.2 Unarmed Combat
 + Level 2.1 Spellcasting
 + Level 5.1 Transmutations


You had 4 spell levels left.
You knew the following spells:

 Your Spells              Type           Power      Damage    Failure   Level
a - Beastly Appendage     Tmut           28%        N/A       3%          1
b - Wereblood             Tmut           14%        N/A       4%          2

Your spell library contained the following spells:

 Spells                   Type           Power      Damage    Failure   Level
 Apportation              Tloc           2%         N/A       26%         1
 Freeze                   Ice            4%         1d3       26%         1
 Magic Dart               Conj           4%         1d3       26%         1
 Spider Form              Tmut/Pois      4%         N/A       26%         3
 Searing Ray              Conj           2%         3d3       36%         2
 Frozen Ramparts          Ice            2%         1d2       58%         3
 Ice Form                 Ice/Tmut       8%         N/A       65%         4
 Fulminant Prism          Conj/Hex       0%         3d6       94%         4
 Hailstorm                Conj/Ice       1%         3d3       94%         4
 Alistair's Intoxication  Tmut/Pois      5%         N/A       94%         5
 Invisibility             Hex            0%         N/A       100%        6


Dungeon Overview and Level Annotations

Branches:
Dungeon (3/15)

Altars:

Annotations:
D:3 Grinder, Sigmund


Innate Abilities, Weirdness & Mutations

((You are quick and stealthy near water. (Stealth+, EV+, Speed+++)))
Your lower body shifts to a powerful aquatic tail in water.


Message History

The quokka completely misses you.
You closely miss the quokka.
The quokka is moderately wounded.
The quokka misses you.
The quokka bites you but does no damage.
You hit the quokka.
You feel better.
You feel a bit better.
You kill the quokka!
Your transformation is almost over.
No target in view!
Your primal bloodlust is almost over.
You howl as the wereblood boils in your veins!
Your primal bloodlust has ended.
Your horns disappear.
Sigmund the Dreaded comes into view.
He is wielding a +4 scythe of flaming.
Sigmund is nearby!
Unknown command.
You aren't carrying any items that you can evoke.
Unknown command.
As you read the scroll labelled MAMUSODEYCH, it crumbles to dust.
It is a scroll of identify.
d - 2 potions of curing
As you read the scroll labelled QARAMURREX, it crumbles to dust.
A profound silence engulfs you.
It was a scroll of silence.
Sigmund hits you with a +4 scythe of flaming!
Sigmund burns you.
You hit Sigmund.
You feel better.
Sigmund is moderately wounded.
You barely miss Sigmund.
Sigmund is moderately wounded.
Sigmund hits you with a +4 scythe of flaming!
Sigmund burns you.
You barely miss Sigmund.
Sigmund is moderately wounded.
Sigmund misses you.
You closely miss Sigmund.
Sigmund is lightly wounded.
Sigmund hits you with a +4 scythe of flaming!
* * * LOW HITPOINT WARNING * * *
Sigmund burns you.
You die...

#.. #.. #.. #.# ..(...
. #.###+#+###. ....#
#. #........##.
#......
#........##..#...#.#
#...@@.......#...#.#
#.###+#####.....(..#.
#.# #.# #.#..... #.#
#.# #.......
#.###.########..#####
#.....#..........†###
####..#.######..#)...
#####..#.####.#......<
#......#......#..#####


You could see Sigmund.

Vanquished Creatures
  2 worms
  A dart slug (D:2)
  An orc (D:3)
  2 bats
  4 endoplasms
  3 giant cockroaches
  5 goblins
  5 hobgoblins
  2 jackals (D:2)
  6 quokkas
  5 ball pythons (D:1)
  2 frilled lizards (D:1)
  5 kobolds
  2 rats
45 creatures vanquished.

Notes
Turn   | Place    | Note
-------+----------+-------------------------------------------
     0 | D:1      | AarnesTheHuman the Merfolk Transmuter began the quest for
                  | the Orb.
     0 | D:1      | Reached XP level 1. HP: 15/15 MP: 3/3
   106 | D:1      | Reached skill level 3 in Transmutations
   227 | D:1      | Found a faded altar of an unknown god.
   251 | D:1      | Reached XP level 2. HP: 21/21 MP: 3/5
   384 | D:1      | Reached skill level 4 in Transmutations
   811 | D:1      | Reached XP level 3. HP: 26/26 MP: 4/6
   820 | D:1      | Learned a level 2 spell: Wereblood
  1308 | D:2      | Reached skill level 5 in Transmutations
  2285 | D:3      | Noticed Grinder
  2343 | D:3      | Reached XP level 4. HP: 26/32 MP: 2/7
  2434 | D:3      | Noticed Sigmund
  2442 | D:3      | Slain by Sigmund

Illustrated notes

Levels and vault maps discovered:
D:1:      dpeg_arrival_houses_and_road, layout_basic,
          hellmonk_ecumenical_altar_pennies_from_heaven, minmay_small_reverse_x
D:2:      layout_basic
D:3:      layout_basic, uniq_sigmund, uniq_ijyb, uniq_grinder

Skill      XL: |  1  2  3 |
---------------+----------+-----
Transmutations | 3 4 5 |  5.1
Fighting       | |  1.1
Maces & Flails | |  0.2
Dodging        | |  2.6
Stealth        | |  0.8
Unarmed Combat | |  3.2
Spellcasting   | |  2.1

Action                   |  1- 3 |  4- 6 || total
-------------------------+-------+-------++-------
Melee: Whip              |   118 |     8 ||   126
       Headbutt          |    13 |       ||    13
       Unarmed           |     2 |       ||     2
       Punch             |     1 |       ||     1
 Cast: Beastly Appendage |    27 |       ||    27
       Wereblood         |    10 |       ||    10
  Use: Scroll            |       |     2 ||     2
 Stab: Sleeping          |     1 |       ||     1
Armor: Robe              |    21 |     1 ||    22
Dodge: Dodged            |    90 |     4 ||    94
